 Dungeon Crawl Stone Soup version 0.23-a0-636-g0ff6057 (console) character file.

738560 metolius the Sorcerer (level 27, -12/217 HPs)
             Began as a Barachi Hunter on Dec 29, 2018.
             Was the Champion of Vehumet.
             Killed from afar by an orb of fire (32 damage)
             ... with a fireball
             ... on level 5 of the Realm of Zot on Feb 5, 2019.
             The game lasted 18:18:49 (103945 turns).

metolius the Sorcerer (Barachi Hunter)            Turns: 103945, Time: 18:18:49

Health: -12/217    AC: 18    Str: 12    XL:     27
Magic:  22/52      EV: 22    Int: 32    God:    Vehumet [******]
Gold:   6383       SH: 16    Dex: 19    Spells: 12/77 levels left

rFire    + . .     SeeInvis .   a - +8 eveningstar (protect)
rCold    + . .     Gourm    .   S - +3 shield {reflect}
rNeg     . . .     Faith    .   V - +1 faerie dragon scales {rCorr Int+6 Dex+2 Clar}
rPois    +         Spirit   .   D - +2 hat {Int+3}
rElec    +         Reflect  +   B - scarf {cloud immunity}
rCorr    +         Harm     .   J - +0 pair of gloves
MR       ++...     Clarity  +   N - +2 pair of boots {run}
Stlth    +++++.....             R - amulet of regeneration
HPRegen  0.00/turn              (no ring)
MPRegen  0.33/turn              E - ring of Hucuorha {*Corrode rElec Int+6 Dex+5 Slay+3}

@: resistant, can't hop, regenerating (expiring), hasted, very quick
A: +LOS, swims, berserk 1, clumsy 2, dopey 2, poison resistance, screaming 2,
slowness 1, inhibited regeneration, weak 1, subdued magic 1, strong legs 2
}: 4/15 runes: barnacled, slimy, silver, gossamer
a: Hop, Renounce Religion


You were on level 5 of the Realm of Zot.
You worshipped Vehumet.
Vehumet was exalted by your worship.
You were not hungry.

You visited 13 branches of the dungeon, and saw 59 of its levels.
You also visited: Trove, Bailey, Gauntlet and Wizlab.

You collected 9282 gold pieces.
You spent 2899 gold pieces at shops.

Inventory:

Hand Weapons
 a - a +8 eveningstar of protection (weapon)
 d - a +4 rapier of venom
 A - the +10 morningstar "Eos" {elec, Halo rElec, SInv}
   (You found it on level 3 of the Crypt)

   Occasionally, upon striking a foe, it will discharge some electrical energy
   and cause terrible harm.
   It insulates you from electricity.
Missiles
 c - 2 bolts
 v - 12 throwing nets (quivered)
Armour
 g - a +1 pair of boots of flying
 B - a scarf of cloud immunity (worn)
 D - a +2 hat of intelligence (worn)
 J - a +0 pair of gloves (worn)
 N - a +2 pair of boots of running (worn)
 S - a +3 shield of reflection (worn)
 V - the +1 faerie dragon scales (worn) {rCorr Int+6 Dex+2 Clar}
   (You took it off a spriggan defender on level 4 of the Depths)

   It affects your intelligence (+6).
   It affects your dexterity (+2).
   It protects you against confusion.
   It provides partial protection from all sources of acid and corrosion.
Magical Staves
 b - an uncursed staff of energy
 p - an uncursed staff of power
Jewellery
 i - the ring of Fies Amy {-Tele MR+ MP+9 Dex+8 SInv}
   (You found it on level 2 of the Spider Nest)

   [ring of see invisible]

   It affects your dexterity (+8).
   It affects your resistance to hostile enchantments.
   It affects your magic capacity (+9).
   It lets you see invisible.
   It prevents most forms of teleportation.
 E - the ring of Hucuorha (right hand) {*Corrode rElec Int+6 Dex+5 Slay+3}
   (You found it in a wizard's laboratory)

   [ring of dexterity]

   It affects your intelligence (+6).
   It affects your dexterity (+5).
   It affects your accuracy and damage with ranged weapons and melee attacks
   (+3).
   It insulates you from electricity.
   It may corrode you when you take damage.
 G - an uncursed amulet of the gourmand
 R - an amulet of regeneration (around neck)
Wands
 m - a wand of clouds (12)
 t - a wand of acid (12)
 C - a wand of scattershot (5)
 H - a wand of digging (9)
 X - a wand of disintegration (39)
 Y - a wand of iceblast (33)
Scrolls
 e - a scroll of immolation
 h - 5 scrolls of magic mapping
 j - 12 scrolls of blinking
 n - a scroll of enchant armour
 o - 11 scrolls of remove curse
 q - 5 scrolls of summoning
 s - 24 scrolls of teleportation
Potions
 k - 7 potions of haste
 l - 4 potions of resistance
 r - 2 potions of ambrosia
 z - 6 potions of heal wounds
 F - 6 potions of magic
 I - 20 potions of curing
 W - 9 potions of brilliance
 Z - 4 potions of cancellation
Miscellaneous
 x - 3 phantom mirrors
 P - a lamp of fire
Comestibles
 f - 57 rations


   Skills:
 - Level 18.0 Fighting
 - Level 7.0 Maces & Flails
   Level 4.0 Crossbows
 + Level 14.9 Armour
 + Level 13.6 Dodging
 - Level 13.0 Stealth
 - Level 15.0 Shields
 + Level 25.7 Spellcasting
 - Level 25.1 Conjurations
   Level 2.1 Hexes
 - Level 5.7 Charms
 - Level 3.0 Summonings
 - Level 7.5 Necromancy
 - Level 17.5 Translocations
 - Level 17.0 Fire Magic
 - Level 6.0 Ice Magic
 + Level 11.0 Air Magic
   Level 0.8 Earth Magic
 - Level 5.0 Poison Magic
 - Level 5.0 Evocations


You had 12 spell levels left.
You knew the following spells:

 Your Spells              Type           Power        Failure   Level  Hunger
a - Magic Dart            Conj           ####         0%          1    None
b - Throw Flame           Conj/Fire      ######       0%          2    None
c - Dispel Undead         Necr           ######..     1%          5    None
f - Conjure Flame         Conj/Fire      #######.     0%          3    None
k - Fire Storm            Conj/Fire      #######...   3%          9    ####...
l - Freezing Cloud        Conj/Ice/Air   #######...   1%          6    None
m - Mephitic Cloud        Conj/Pois/Air  #######.     0%          3    None
o - Orb of Destruction    Conj           ########..   0%          7    None
r - Regeneration          Chrm/Necr      ######....   1%          3    None
u - Sublimation of Blood  Necr           ######....   1%          2    None
A - Apportation           Tloc           ######       0%          1    None
B - Blink                 Tloc           N/A          0%          2    None
C - Controlled Blink      Tloc           N/A          3%          8    ##.....
L - Conjure Ball Lightni  Conj/Air       #######...   1%          6    None
S - Shroud of Golubria    Chrm/Tloc      ######....   0%          2    None
T - Olgreb's Toxic Radia  Pois           ######..     1%          4    None
W - Summon Butterflies    Summ           #####...     1%          1    None

Your spell library contained the following spells:

 Spells                   Type           Power        Failure   Level  Hunger
 Lehudib's Crystal Spear  Conj/Erth      #######...   6%          8    ##.....
 Glaciate                 Conj/Ice       #######...   30%         9    ####...
 Flame Tongue             Conj/Fire      #####        0%          1    None
 Shock                    Conj/Air       ####         0%          1    None
 Dazzling Spray           Conj/Hex       ######       0%          3    None
 Gell's Gravitas          Tloc           #######...   0%          3    None
 Inner Flame              Hex/Fire       ######..     0%          3    None
 Lesser Beckoning         Tloc           #######...   0%          3    None
 Static Discharge         Conj/Air       #######.     0%          3    None
 Stone Arrow              Conj/Erth      ######       0%          3    None
 Teleport Other           Tloc           #######.     0%          3    None
 Force Lance              Conj/Tloc      #######.     0%          4    None
 Iskenderun's Mystic Bla  Conj           ########     0%          4    None
 Passage of Golubria      Tloc           N/A          0%          4    None
 Bolt of Draining         Conj/Necr      #######...   0%          5    None
 Iskenderun's Battlesphe  Conj/Chrm      #######.     0%          5    None
 Lightning Bolt           Conj/Air       #######...   0%          5    None
 Venom Bolt               Conj/Pois      #######...   0%          5    None
 Bolt of Fire             Conj/Fire      #######...   0%          6    None
 Animate Skeleton         Necr           N/A          1%          1    None
 Beastly Appendage        Tmut           ####..       1%          1    None
 Confusing Touch          Hex            #####.       1%          1    None
 Corona                   Hex            #####..      1%          1    None
 Infusion                 Chrm           ####         1%          1    None
 Pain                     Necr           ####         1%          1    None
 Sandblast                Erth           #####.       1%          1    None
 Summon Small Mammal      Summ           ####         1%          1    None
 Call Imp                 Summ           #####...     1%          2    None
 Corpse Rot               Necr           N/A          1%          2    None
 Ensorcelled Hibernation  Hex/Ice        ######       1%          2    None
 Passwall                 Tmut/Erth      ####....     1%          2    None
 Slow                     Hex            #####...     1%          2    None
 Song of Slaying          Chrm           ######..     1%          2    None
 Sticks to Snakes         Tmut           ####....     1%          2    None
 Call Canine Familiar     Summ           #####...     1%          3    None
 Confuse                  Hex            #####...     1%          3    None
 Portal Projectile        Hex/Tloc       ######       1%          3    None
 Recall                   Summ/Tloc      N/A          1%          3    None
 Spectral Weapon          Hex/Chrm       ######..     1%          3    None
 Spider Form              Tmut/Pois      #####.....   1%          3    None
 Summon Guardian Golem    Hex/Summ       #####...     1%          3    None
 Tukima's Dance           Hex            #####...     1%          3    None
 Vampiric Draining        Necr           ######....   1%          3    None
 Animate Dead             Necr           N/A          1%          4    None
 Ice Form                 Ice/Tmut       #####...     1%          4    None
 Summon Ice Beast         Ice/Summ       ######..     1%          4    None
 Summon Lightning Spire   Summ/Air       ######..     1%          4    None
 Agony                    Necr           ######..     1%          5    None
 Bolt of Magma            Conj/Fire/Erth #######...   1%          5    None
 Excruciating Wounds      Chrm/Necr      ######....   1%          5    None
 Irradiate                Conj/Tmut      #######...   1%          5    None
 Silence                  Hex/Air        ######....   1%          5    None
 Summon Forest            Summ/Tloc      ######....   1%          5    None
 Bolt of Cold             Conj/Ice       #######...   1%          6    None
 Dispersal                Tloc           #######...   1%          6    None
 Iron Shot                Conj/Erth      #######...   1%          6    None
 Spellforged Servitor     Conj/Summ      #######...   1%          7    None
 Ignition                 Fire           #######...   1%          8    ##.....
 Cause Fear               Hex            #####.....   2%          4    None
 Leda's Liquefaction      Hex/Erth       #####.....   3%          4    None
 Borgnjor's Vile Clutch   Necr/Erth      ######....   3%          5    None
 Lee's Rapid Deconstruct  Erth           #####.....   3%          5    None
 Metabolic Englaciation   Hex/Ice        ######....   3%          5    None
 Yara's Violent Unravell  Hex/Tmut       #####.....   3%          5    None
 Deflect Missiles         Chrm/Air       ######....   3%          6    None
 Disjunction              Tloc           #######...   3%          8    ##.....
 Aura of Abjuration       Summ           #####.....   4%          5    None
 Summon Demon             Summ           #####.....   4%          5    None
 Death Channel            Necr           ######....   4%          6    None
 Petrify                  Tmut/Erth      ####....     5%          4    None
 Alistair's Intoxication  Tmut/Pois      #####...     6%          5    None
 Summon Mana Viper        Hex/Summ       #####...     6%          5    None
 Simulacrum               Ice/Necr       ######....   6%          6    None
 Malign Gateway           Summ/Tloc      ######....   8%          7    None
 Blade Hands              Tmut           ####......   19%         5    None
 Shadow Creatures         Summ           N/A          30%         6    None
 Invisibility             Hex            #####...     41%         6    None
 Statue Form              Tmut/Erth      ####.....    67%         6    None
 Hydra Form               Tmut           ####......   73%         6    None
 Monstrous Menagerie      Summ           #####.....   87%         7    None
 Summon Greater Demon     Summ           #####.....   87%         7    None
 Tornado                  Air            ######....   87%         9    ####...
 Dragon Form              Tmut           ####......   99%         7    None
 Discord                  Hex            #####.....   100%        8    ##.....
 Summon Horrible Things   Summ           #####.....   100%        8    ##.....
 Dragon's Call            Summ           #####.....   100%        9    ####...
 Shatter                  Erth           #####.....   100%        9    ####...


Dungeon Overview and Level Annotations

Branches:
Dungeon (15/15)            Temple (1/1) D:7            Lair (6/6) D:10
 Shoals (4/4) Lair:3       Spider (4/4) Lair:4        Slime (5/5) Lair:6
    Orc (2/2) D:9             Elf (3/3) Orc:2        Vaults (5/5) D:14
  Crypt (3/3) Vaults:2       Tomb (1/3) Crypt:3      Depths (5/5) D:15
    Zot (5/5) Depths:5

Altars:
Ashenzari
Cheibriados
Dithmenos
Elyvilon
Fedhas
Gozag
Hepliaklqana
Kikubaaqudgha
Makhleb
Nemelex Xobeh
Okawaru
Qazlal
Ru
Sif Muna
Trog
Uskayaw
Vehumet
Wu Jian
Xom
Yredelemnul
Zin
The Shining One
Beogh
Jiyva
Lugonu

Shops:
D:9 :%%[[   Orc:2 ==   Elf:3 !   Shoals:2 ?   Vaults:1 !   Depths:1 ==}
Depths:2 *

Portals:
Hell: Lair:6 Depths:2 Depths:3 Depths:4 Depths:5
Abyss: Depths:2 Depths:3 Depths:4
Pandemonium: Depths:3
Ziggurat: Depths:5


Innate Abilities, Weirdness & Mutations

Shadows flee at your approach. (+LOS)
You can swim through water.
You cover ground slowly.
You can hop long distances.
You tend to lose your temper in combat.
You are very clumsy. (Dex -4)
You are very dopey. (Int -4)
Your system is resistant to poisons. (rPois)
You sometimes yell uncontrollably at your foes.
You do not regenerate when monsters are visible.
You are weak. (Str -2)
Your spells are a little easier to cast, but a little less powerful.


Message History

Unknown command.
Unknown command.
Unknown command.
Unknown command.
Unknown command.
You feel much better.
The orb of fire glows bright magenta.
Strange energies course through your body.
Your regeneration stops near monsters.
You feel yourself speed up.
The orb of fire emits a lurid red light.
Strange energies course through your body.
You feel a strong urge to yell.
You feel protected.
Your skin is crawling a little less now.
Remove which piece of jewellery? (? for menu, Esc to quit)
You remove the ring of Fies Amy {-Tele MR+ MP+9 Dex+8 SInv}.
The orb of fire emits a lurid red light.
The fireball explodes!
The fireball engulfs you! You resist.
You die...

#.......##............#.)....#
#.#.....##.........v..##......
#.....................+..§§...
#...#....#............##......
#...#....#.#..................
#.####.#####.....#..v..v......
####.# #.# #....[#v...v.v.....
...'.# #######.<...#............
.###.####.....).....#......##≈§≈.
.# #...#.<.#§)(............##≈≈≈.
.##..####.####.*@..###.....###§≈.
.# #.# ### ##.#..####'#### ##≈.
.###.# #.# #..#.......#### ##.
.....####.####.............# #.
####.......#...............# ##
#.#.....#.###.⌠.........#
#..............##########
▓▓▓▓############ ###### #.....
##.... #....


You could see an orb of fire.

Vanquished Creatures
  Dissolution (Slime:5)
  the Royal Jelly (Slime:5)
  2 ancient liches
  3 orbs of fire
  Sojobo (Crypt:3)
  Bai Suzhen (Crypt:2)
  Saint Roka (Orc:2)
  3 Killer Klowns
  8 caustic shrikes
  14 golden dragons
  2 curse toes
  Nikola (Depths:1)
  Jory (Vaults:5)
  2 bone dragons
  2 electric golems (Zot:1)
  The ghost of Nuahoimost the Peltast, an adept BaFi of Okawaru (Depths:4)
  15 tentacled monstrosities
  Rupert (Lair:5)
  A moon troll (WizLab)
  12 liches
  8 Orb Guardians
  A deep elf blademaster (Elf:3)
  13 titans
  22 acid blobs
  A kraken (Shoals:2)
  Frances (D:14)
  9 quicksilver dragons
  8 death cobs
  6 ancient champions
  The ghost of Ancylostoma the Spry, an adept MfGl of Hepliaklqana (Depths:1)
  Gastronok (Lair:2)
  8 tengu reavers
  A sphinx (Depths:3)
  7 tentacled starspawn (WizLab)
  Ilsuiw (Shoals:3)
  Kirke (Shoals:4)
  Donald (Orc:2)
  7 fire giants
  9 shadow dragons
  11 storm dragons
  A revenant (Crypt:3)
  7 draconian monks
  5 iron dragons
  10 deep elf sorcerers
  Roxanne (D:14)
  6 draconian knights
  11 azure jellies
  7 vault wardens
  16 frost giants
  5 ghost moths
  6 draconian scorchers
  12 draconian shifters
  3 cacodemons (WizLab)
  2 caustic shrike zombies
  10 ghouls
  Louise (Elf:1)
  8 draconian annihilators
  4 emperor scorpions
  5 war gargoyles
  30 very ugly things
  6 deep elf elementalists
  4 spriggan defenders (Depths:4)
  6 draconian stormcallers
  6 entropy weavers
  8 green draconians
  29 stone giants
  4 large abominations
  15 ironheart preservers
  The ghost of Lowym the Prestidigitator, a journeyman DDBe of Trog (Lair:5)
  12 vampire knights
  The ghost of axecop the Fighter, a journeyman GrGl of Okawaru (Lair:6)
  9 deep elf demonologists
  Azrael (D:14)
  8 black draconians
  6 white draconians
  9 deep elf annihilators
  12 red draconians
  4 spark wasps
  6 purple draconians
  18 yellow draconians
  A crystal guardian (Vaults:4)
  5 eidola
  5 deep elf death magi
  14 ettins
  4 merfolk javelineers
  Snorg (Orc:2)
  11 fire dragons
  Josephine (Orc:2)
  14 merfolk impalers
  15 death oozes
  12 jiangshi
  6 rakshasas
  9 yaktaur captains
  Harold (D:11)
  The ghost of gravelinger the Carver, a journeyman MiGl of Trog (Lair:2)
  144 slime creatures
  6 deep elf high priests
  16 great orbs of eyes
  A hell beast (Depths:4)
  14 ice dragons
  A hydra (shapeshifter) (Vaults:5)
  7 spriggan air magi
  28 vault guards
  10 hydras
  12 starcursed masses (WizLab)
  A caustic shrike simulacrum (Depths:4)
  12 ogre magi
  An anaconda (shapeshifter) (Depths:2)
  2 alligator snapping turtles
  6 death knights
  2 catoblepae
  3 merfolk avatars
  5 merfolk aquamancers
  28 dancing weapons
  4 satyrs
  9 deep troll shamans
  4 tengu warriors
  9 vampire magi
  A queen ant (Lair:3)
  46 two-headed ogres
  6 centaur warriors
  7 orc high priests
  7 hell knights
  7 deep troll earth magi
  6 spriggan berserkers
  A shock serpent (shapeshifter) (Elf:2)
  Sonja (Orc:2)
  Nergalle (D:11)
  Urug (Orc:2)
  2 wretched stars (WizLab)
  A soul eater (Crypt:3)
  31 deep elf knights
  16 skeletal warriors
  6 shadow wraiths
  The ghost of rageheart7 the Cleaver, a novice DsMo of Makhleb (D:8)
  7 iron trolls
  A sixfirhy (Lair:6)
  14 sea snakes
  6 unseen horrors
  An orange crystal statue (WizLab)
  A spectral hydra (Lair:2)
  A storm dragon skeleton (Crypt:3)
  5 wizards
  9 flayed ghosts
  10 glowing orange brains
  37 deep trolls
  An entropy weaver zombie (Crypt:1)
  Pikel (D:7)
  6 ironbrand convokers
  19 orc knights
  An obsidian statue (Crypt:1)
  18 deep elf archers
  A shadow dragon zombie (Crypt:2)
  5 necromancers
  3 lindwurms
  A harpy (shapeshifter) (Vaults:2)
  An orb spider (shapeshifter) (Depths:2)
  An anaconda skeleton (Crypt:2)
  16 phantasmal warriors
  23 harpies
  34 wolf spiders
  6 orc sorcerers
  An iron giant skeleton (Crypt:2)
  22 orb spiders
  35 ugly things
  A shadow dragon skeleton (Crypt:2)
  2 oklob plants
  7 shining eyes
  13 fauns
  77 deep elf magi
  11 manticores
  3 cyclopes
  33 moths of wrath
  A salamander (shapeshifter) (Depths:1)
  3 centaur zombies
  2 ball lightnings
  3 water nymphs
  Joseph (D:8)
  11 vault sentinels
  10 elephants
  5 black mambas
  8 eyes of devastation
  An iron dragon skeleton (Crypt:3)
  2 shock serpent skeletons (Crypt:3)
  2 fire giant skeletons (Crypt:3)
  5 torpor snails
  11 apocalypse crabs (Depths:2)
  2 gargoyles
  16 merfolk sirens
  An orange demon (Lair:6)
  A rust devil (Depths:4)
  11 spiny frogs
  4 centaur skeletons
  9 rime drakes
  9 freezing wraiths
  41 yaktaurs
  A rime drake (shapeshifter) (Vaults:1)
  2 efreet
  18 demonic crawlers
  A swamp worm zombie (Crypt:3)
  2 kobold demonologists
  A guardian mummy (Crypt:3)
  A hellwing (Lair:6)
  A queen bee (D:10)
  3 ice devils (Lair:6)
  3 red devils
  A sea snake skeleton (Crypt:2)
  6 tengu conjurers
  12 komodo dragons
  4 harpy zombies (Shoals:4)
  A death drake zombie (Crypt:2)
  46 merfolk
  3 polar bears
  A queen bee (shapeshifter) (Depths:3)
  12 trolls
  9 wind drakes
  3 blink frogs (Lair:1)
  29 jumping spiders
  14 hornets
  9 tyrant leeches (Spider:2)
  2 blink frogs (shapeshifter)
  12 dream sheep
  A harpy skeleton (D:12)
  8 hippogriffs
  3 bog bodies
  15 snapping turtles
  A satyr zombie (Crypt:2)
  A stone giant simulacrum (Vaults:1)
  6 flying skulls
  99 redbacks
  42 yaks
  20 water elementals
  4 air elementals
  A fire dragon skeleton (Crypt:3)
  A shadow (D:14)
  A centaur simulacrum (D:14)
  3 wyverns
  5 spriggans
  3 tarantellas (shapeshifter)
  10 wraiths
  36 tarantellas
  3 basilisks
  7 hogs
  7 humans (D:7)
  17 golden eyes
  A steam dragon (D:15)
  5 fire elementals
  8 chaos spawn
  A basilisk (shapeshifter) (Vaults:2)
  4 vampire mosquitoes (D:14)
  3 neqoxecs (WizLab)
  6 wargs
  Menkaure (D:7)
  An infernal demonspawn zombie (Crypt:2)
  An acid dragon (Vaults:2)
  A spectral spiny frog (Lair:2)
  A warg (shapeshifter) (Vaults:5)
  7 swamp worms (Spider:2)
  13 water moccasins
  5 hell hounds
  8 soldier ants
  4 small abominations
  2 floating eyes (Depths:3)
  5 porcupines
  A gelid demonspawn skeleton (Crypt:2)
  3 ice beasts
  4 slaves (D:7)
  3 sky beasts
  2 black bears (D:10)
  65 orc warriors
  An ice dragon simulacrum (Vaults:1)
  8 boggarts
  4 necrophages
  45 ogres
  5 phantoms
  9 eyes of draining
  17 wolves
  A blink frog skeleton (Crypt:1)
  A snapping turtle skeleton (Crypt:2)
  9 crocodiles
  2 big kobolds
  20 centaurs
  A hippogriff zombie (Shoals:4)
  18 bullfrogs
  A salamander skeleton (Crypt:1)
  An earth elemental (Elf:2)
  An elf skeleton (Crypt:2)
  A yaktaur skeleton (Crypt:1)
  32 scorpions
  24 killer bees (D:10)
  A dream sheep simulacrum (Lair:2)
  A raiju zombie (Crypt:3)
  14 wights
  A howler monkey (D:6)
  A yak skeleton (Crypt:3)
  2 electric eels
  3 bullfrog zombies
  2 crimson imps
  A komodo dragon simulacrum (Lair:2)
  3 hounds
  A human simulacrum (Vaults:1)
  5 jellies
  2 bullfrog skeletons (D:12)
  37 orc priests
  Crazy Yiuf (D:2)
  29 orc wizards
  2 iguanas
  Ijyb (D:3)
  A porcupine zombie (Crypt:1)
  31 worker ants
  2 acid dragon zombies (Crypt:1)
  A tengu zombie (Crypt:2)
  3 hound zombies
  A deep dwarf skeleton (Crypt:1)
  4 hound skeletons
  11 mummies
  A howler monkey zombie (D:9)
  A worker ant zombie (D:10)
  5 gnolls
  8 adders
  A howler monkey skeleton (D:10)
  2 shadow imps
  2 white imps
  An ufetubus (Depths:3)
  4 oozes
  An adder zombie (D:5)
  A halfling zombie (Crypt:2)
  6 worms
  A dart slug (D:1)
  6 leopard geckos
  145 orcs
  A bat zombie (Shoals:4)
  14 goblins
  5 hobgoblins
  11 jackals
  A quokka (D:5)
  9 bats
  2 frilled lizards
  2 giant cockroach zombies
  A hobgoblin zombie (Crypt:2)
  A jackal zombie (D:6)
  35 kobolds
  A kobold zombie (Crypt:3)
  A leopard gecko skeleton (Crypt:2)
  A quokka zombie (D:5)
  8 rats
  3 crawling corpses (Depths:3)
  A demonic plant (WizLab)
  12 fire vortices
  2 fungi (Depths:4)
  11 plants
  8 starspawn tentacles (WizLab)
2987 creatures vanquished.

Vanquished Creatures (collateral kills)
  Boris (Vaults:5)
  A titan (Vaults:5)
  A quicksilver dragon (Zot:4)
  2 acid blobs
  2 shadow dragons
  An ancient champion (Crypt:3)
  A draconian monk (Zot:3)
  A tengu reaver (Crypt:3)
  An azure jelly (Slime:5)
  2 green draconians (Zot:1)
  A white draconian (Zot:1)
  An ettin (Vaults:5)
  A jiangshi (Crypt:3)
  A death knight (Crypt:2)
  A vampire mage (Crypt:1)
  4 slime creatures
  3 skeletal warriors
  A flayed ghost (Crypt:3)
  A deep elf archer (Vaults:5)
  A ball lightning (WizLab)
  A moth of wrath (Zot:4)
  2 golden eyes (Slime:3)
  A snapping turtle skeleton (Crypt:3)
  A killer bee (D:10)
  A worker ant (Lair:4)
  A mummy (Crypt:3)
35 creatures vanquished.

Vanquished Creatures (others)
  A tentacled monstrosity (Vaults:5)
  Asterion (Lair:4)
  A fire giant (Vaults:3)
  5 stone giants
  2 yaktaur captains
  A centaur warrior (Depths:4)
  A deep elf knight (Elf:3)
  A shadow wraith (Vaults:3)
  2 deep elf archers
  A deep elf mage (Elf:3)
  6 fauns
  An orc knight (Vaults:1)
  16 yaktaurs
  515 ball lightnings
  A merfolk (Shoals:3)
  A human (Shoals:4)
  A tarantella (Spider:1)
  A spatial vortex (Depths:4)
  3 orc warriors
  An orc (Orc:2)
  A bat zombie (Shoals:4)
  A bush (Lair:3)
  6 demonic plants (WizLab)
  373 fire vortices
  46 fungi
  64 plants
  18 starspawn tentacles (WizLab)
  4 tentacles (Shoals:2)
1075 creatures vanquished.

Grand Total: 4097 creatures vanquished

Notes
Turn   | Place    | Note
-------+----------+-------------------------------------------
     0 | D:1      | metolius the Barachi Hunter began the quest for the Orb.
     0 | D:1      | Reached XP level 1. HP: 17/17 MP: 1/1
   125 | D:1      | Reached skill level 1 in Stealth
   259 | D:1      | Reached XP level 2. HP: 22/23 MP: 2/2
   557 | D:1      | Reached skill level 1 in Armour
   682 | D:1      | Reached XP level 3. HP: 27/28 MP: 4/4
  1016 | D:2      | Reached skill level 1 in Spellcasting
  1536 | D:2      | Reached XP level 4. HP: 35/35 MP: 5/5
  2308 | D:2      | Found a runed door.
  2560 | D:3      | Noticed Ijyb
  2568 | D:3      | Killed Ijyb
  2568 | D:3      | Reached XP level 5. HP: 41/41 MP: 7/7
  3843 | D:4      | Found a shattered altar of Ashenzari.
  3843 | D:4      | Found a glowing silver altar of Zin.
  3845 | D:4      | Found an ancient bone altar of Kikubaaqudgha.
  3845 | D:4      | Found a blossoming altar of Fedhas.
  4032 | D:4      | Found an iron altar of Okawaru.
  4107 | D:4      | Found a sparkling altar of Nemelex Xobeh.
  4296 | D:4      | Reached skill level 1 in Evocations
  4487 | D:5      | Entered Level 5 of the Dungeon
  4488 | D:5      | Noticed a necrophage
  4501 | D:4      | Reached skill level 1 in Shields
  4501 | D:4      | Reached XP level 6. HP: 17/48 MP: 9/9
  4794 | D:5      | Found a basalt altar of Yredelemnul.
  5131 | D:5      | Found a hazy altar of Hepliaklqana.
  5131 | D:5      | Found a shadowy altar of Dithmenos.
  5132 | D:5      | Found a shimmering altar of Xom.
  5297 | D:5      | Killed a necrophage
  5297 | D:5      | Reached XP level 7. HP: 40/54 MP: 10/10
  5347 | D:5      | Got a steaming leather armour
  5358 | D:5      | Identified the +2 leather armour of Veebim {Dex+4 SInv}
                  | (You found it on level 5 of the Dungeon)
  6731 | D:6      | Found a stormy altar of Qazlal.
  6740 | D:6      | Reached XP level 8. HP: 39/61 MP: 12/12
  7055 | D:6      | Reached skill level 5 in Fighting
  7780 | D:7      | Found a burning altar of Makhleb.
  8014 | D:7      | Learned a level 3 spell: Stone Arrow
  8045 | D:7      | Found a staircase to the Ecumenical Temple.
  8055 | Temple   | Entered the Ecumenical Temple
  8097 | Temple   | Became a worshipper of Vehumet
  8249 | D:7      | Found a snail-covered altar of Cheibriados.
  8250 | D:7      | Noticed Menkaure
  8254 | D:7      | Killed Menkaure
  8299 | D:7      | Reached skill level 1 in Conjurations
  8325 | D:7      | Reached skill level 5 in Armour
  8325 | D:7      | Reached XP level 9. HP: 45/69 MP: 15/15
  8994 | D:8      | Reached skill level 5 in Stealth
  9676 | D:8      | Noticed a death knight
  9688 | D:8      | Reached skill level 5 in Spellcasting
 10072 | D:8      | Noticed rageheart7's ghost (novice DsMo)
 10073 | D:8      | Found a transporter.
 10209 | D:7      | Noticed Pikel
 10238 | D:7      | Killed Pikel
 10238 | D:7      | Reached skill level 5 in Shields
 10400 | D:7      | Reached XP level 10. HP: 63/79 MP: 18/18
 10842 | D:8      | Noticed Joseph
 10898 | D:8      | Found a transporter.
 10899 | D:8      | Identified the +12 great mace of Oloysit {drain, MR+ Int+7}
 10947 | D:9      | Found a staircase to the Orcish Mines.
 11050 | D:8      | Found a bloodstained altar of Trog.
 11169 | D:8      | Reached * piety under Vehumet
 11169 | D:8      | Offered knowledge of Freeze by Vehumet.
 11176 | D:8      | Learned a level 1 spell: Freeze
 11199 | D:8      | Found a shimmering altar of Xom.
 11199 | D:8      | Found a stormy altar of Qazlal.
 11200 | D:8      | Found a burning altar of Makhleb.
 11200 | D:8      | Found an iron altar of Okawaru.
 11200 | D:8      | Found a blossoming altar of Fedhas.
 11481 | D:9      | Found Ryett's Food Emporium.
 11562 | D:8      | Reached skill level 5 in Conjurations
 11773 | D:9      | Found Tatwohom's Food Shoppe.
 12147 | D:9      | Found Haashre's Book Boutique.
 12540 | D:9      | Reached skill level 1 in Ice Magic
 12585 | D:9      | Found Fihus's Antique Armour Shoppe.
 12585 | D:9      | Found a shimmering altar of Xom.
 12587 | D:9      | Found the +7 mace of Variability {chain chaos}
 12621 | D:9      | Bought a bloodstained ring mail for 288 gold pieces
 12638 | D:9      | Identified the +2 ring mail of Vilo {rPois} (You bought it
                  | in a shop on level 9 of the Dungeon)
 12689 | D:9      | Found Jioczops's Armour Boutique.
 12693 | D:9      | Bought a +0 cloak for 63 gold pieces
 12753 | D:9      | Noticed a two-headed ogre
 12830 | D:9      | Bought a book of Minor Magic for 260 gold pieces
 12832 | D:9      | Learned a level 1 spell: Magic Dart
 12836 | D:9      | Learned a level 3 spell: Conjure Flame
 12840 | D:9      | Learned a level 3 spell: Mephitic Cloud
 12843 | D:9      | Learned a level 2 spell: Blink
 12847 | D:9      | Learned a level 3 spell: Dazzling Spray
 13566 | Orc:1    | Entered Level 1 of the Orcish Mines
 13566 | Orc:1    | Found a roughly hewn altar of Beogh.
 13566 | Orc:1    | Noticed an orc high priest
 13775 | D:9      | Killed a two-headed ogre
 13775 | D:9      | Reached skill level 1 in Air Magic
 13775 | D:9      | Reached skill level 1 in Poison Magic
 13775 | D:9      | Reached XP level 11. HP: 85/86 MP: 20/20
 13815 | D:10     | Entered Level 10 of the Dungeon
 13863 | D:10     | Noticed an unseen horror
 13892 | D:10     | Killed an unseen horror
 13907 | D:10     | Identified a scroll of acquirement
 13915 | D:10     | Identified a +2 pair of boots of running (You acquired it
                  | on level 10 of the Dungeon)
 14199 | D:10     | Reached ** piety under Vehumet
 14199 | D:10     | Offered knowledge of Throw Flame by Vehumet.
 14203 | D:10     | Learned a level 2 spell: Throw Flame
 15239 | D:10     | Offered knowledge of Searing Ray by Vehumet.
 15836 | D:10     | Reached *** piety under Vehumet
 15881 | D:10     | Offered knowledge of Olgreb's Toxic Radiance by Vehumet.
 16287 | D:10     | Found a staircase to the Lair.
 16672 | D:11     | Noticed Nergalle
 17322 | D:11     | Reached XP level 12. HP: 87/95 MP: 23/23
 17354 | D:11     | Noticed Harold
 17750 | Lair:1   | Entered Level 1 of the Lair of Beasts
 17914 | Lair:1   | Learned a level 1 spell: Summon Butterflies
 18143 | Lair:1   | Reached **** piety under Vehumet
 18425 | Lair:1   | You fall through a shaft!
 18442 | Lair:3   | Noticed a seven-headed hydra
 18496 | Lair:3   | Found a gate leading to a gauntlet.
 18595 | Gauntlet | Entered a Gauntlet
 18595 | Gauntlet | Found a transporter.
 18606 | Gauntlet | Found a transporter.
 18608 | Gauntlet | Noticed a death ooze
 18649 | Gauntlet | Found a transporter.
 18655 | Gauntlet | Found a transporter.
 18670 | Gauntlet | Found a transporter.
 18691 | Gauntlet | Found a transporter.
 18703 | Gauntlet | Found a transporter.
 18715 | Gauntlet | Found a transporter.
 18727 | Gauntlet | Found a transporter.
 18739 | Gauntlet | Learned a level 4 spell: Olgreb's Toxic Radiance
 18741 | Gauntlet | Learned a level 1 spell: Apportation
 18743 | Gauntlet | Learned a level 1 spell: Animate Skeleton
 18756 | Gauntlet | Noticed a death yak
 18756 | Gauntlet | Noticed a death yak
 18756 | Gauntlet | Noticed a death yak
 18757 | Gauntlet | Noticed a death yak
 18757 | Gauntlet | Noticed a death yak
 18759 | Gauntlet | Identified the amulet "Kak Hop" {Acrobat rF+ rC++ Str-2}
 18760 | Gauntlet | Found a transporter.
 18781 | Gauntlet | Found a transporter.
 18798 | Gauntlet | Found a transporter.
 18801 | Gauntlet | Found a transporter.
 18883 | Lair:2   | Reached skill level 5 in Ice Magic
 18917 | Lair:2   | Offered knowledge of Yara's Violent Unravelling by Vehumet.
 19890 | Lair:2   | Reached skill level 1 in Fire Magic
 19895 | Lair:2   | Reached skill level 1 in Hexes
 19895 | Lair:2   | Reached skill level 1 in Translocations
 20097 | Lair:2   | Found a runed gate.
 20097 | Lair:2   | Found a runed gate.
 20097 | Lair:2   | Found a runed gate.
 20098 | Lair:2   | Noticed gravelinger's ghost (journeyman MiGl)
 20226 | Lair:2   | Reached skill level 1 in Necromancy
 20360 | Lair:2   | Noticed Gastronok
 20757 | Lair:3   | Reached skill level 10 in Fighting
 20957 | Lair:4   | Noticed a five-headed hydra
 20969 | Lair:3   | Found a staircase to the Shoals.
 20979 | Shoals:1 | Entered Level 1 of the Shoals
 21529 | Lair:3   | Killed a seven-headed hydra
 21727 | Lair:3   | Gained mutation: You can hop long distances. [Barachi
                  | growth]
 21727 | Lair:3   | Reached XP level 13. HP: 77/103 MP: 17/25
 22077 | Shoals:1 | Reached ***** piety under Vehumet
 22273 | Lair:3   | Offered knowledge of Iskenderun's Mystic Blast by Vehumet.
 22273 | Lair:3   | Reached skill level 10 in Conjurations
 23057 | Lair:4   | Noticed an entropy weaver
 23075 | Lair:4   | Killed an entropy weaver
 23594 | Lair:4   | Noticed an entropy weaver
 23833 | Lair:6   | Entered Level 6 of the Lair of Beasts
 23833 | Lair:6   | Found a sacrificial altar of Ru.
 24080 | Lair:5   | Found a runed gate.
 24080 | Lair:5   | Found a runed gate.
 24080 | Lair:5   | Found a runed gate.
 24080 | Lair:5   | Noticed Lowym's ghost (journeyman DDBe)
 24584 | Lair:4   | Reached skill level 10 in Spellcasting
 25129 | Lair:4   | Found a hole to the Spider Nest.
 25848 | Lair:6   | Found a runed door.
 25848 | Lair:6   | Found a viscous altar of Jiyva.
 26313 | D:9      | Bought a book of Power for 585 gold pieces
 26321 | D:9      | Learned a level 7 spell: Orb of Destruction
 26508 | D:2      | Noticed Crazy Yiuf
 26511 | D:2      | Killed Crazy Yiuf
 26790 | D:8      | Killed Joseph
 27183 | Lair:2   | Killed Gastronok
 27183 | Lair:2   | Reached XP level 14. HP: 110/110 MP: 5/28
 27341 | Lair:2   | Killed gravelinger's ghost
 28013 | Lair:5   | Reached skill level 10 in Shields
 28133 | Lair:5   | Killed Lowym's ghost
 28458 | Lair:5   | Noticed Rupert
 28495 | Lair:4   | Killed an entropy weaver
 28787 | Lair:5   | Killed Rupert
 29705 | Lair:6   | Offered knowledge of Force Lance by Vehumet.
 29727 | Lair:6   | Got a pitted scale mail
 29738 | Lair:6   | Identified the +3 scale mail of Unreason {rElec rN+ Regen+
                  | Dex-3} (You found it on level 6 of the Lair of Beasts)
 29770 | Lair:6   | Found a runed gate.
 29770 | Lair:6   | Found a runed gate.
 29770 | Lair:6   | Found a runed gate.
 29774 | Lair:6   | Noticed axecop's ghost (journeyman GrGl)
 30240 | Lair:6   | Paralysed by a wizard for 6 turns
 30430 | Lair:6   | Found a burning altar of Makhleb.
 31206 | Lair:6   | Found a gateway to Hell.
 31288 | Lair:6   | Killed axecop's ghost
 31288 | Lair:6   | Reached skill level 5 in Dodging
 31369 | Lair:6   | Found a staircase to the Slime Pits.
 31743 | D:11     | Killed Nergalle
 31792 | D:11     | Paralysed by fainting for 6 turns
 32025 | D:11     | Killed Harold
 32545 | D:12     | Reached skill level 1 in Summonings
 32702 | D:13     | Reached XP level 15. HP: 67/117 MP: 28/30
 33059 | D:14     | Found a flagged portal.
 33189 | D:14     | Noticed Frances
 33213 | Bailey   | Entered a bailey
 33548 | Bailey   | Identified the +10 mace of Scorn {venom, Int+2 Stlth+}
 34300 | D:15     | Entered Level 15 of the Dungeon
 34354 | D:14     | Found a shadowy altar of Dithmenos.
 34510 | D:14     | Noticed Roxanne
 34916 | D:14     | Found a gate to the Vaults.
 35051 | D:14     | Killed Frances
 35142 | D:14     | Found a blossoming altar of Fedhas.
 35177 | D:14     | Reached skill level 5 in Evocations
 35570 | D:14     | Offered knowledge of Ozocubu's Refrigeration by Vehumet.
 36441 | D:13     | You fall through a shaft for 2 floors!
 37149 | D:14     | Killed Roxanne
 37346 | D:14     | Noticed Azrael
 38239 | D:14     | Killed Azrael
 39854 | D:15     | Found a staircase to the Depths.
 39969 | Depths:1 | Entered Level 1 of the Depths
 40258 | Orc:1    | Reached XP level 16. HP: 74/125 MP: 23/32
 40881 | Orc:2    | Entered Level 2 of the Orcish Mines
 40881 | Orc:2    | Noticed Josephine
 40937 | Orc:1    | Offered knowledge of Bolt of Cold by Vehumet.
 41271 | Orc:2    | Noticed Snorg
 41273 | Orc:2    | Noticed Sonja
 41285 | Orc:2    | Killed Snorg
 41428 | Orc:2    | Killed Sonja
 41503 | Orc:2    | Killed Josephine
 41969 | Orc:2    | Noticed Urug
 41972 | Orc:2    | Killed Urug
 42275 | Orc:2    | Reached skill level 5 in Fire Magic
 42550 | Orc:2    | Noticed Donald
 42584 | Orc:2    | Killed Donald
 42678 | Orc:2    | Found a staircase to the Elven Halls.
 43084 | Orc:2    | Noticed Saint Roka
 43357 | Orc:2    | Killed Saint Roka
 44096 | Orc:2    | Found a roughly hewn altar of Beogh.
 44189 | Orc:2    | Found Heixt's Magic Scroll Boutique.
 44248 | Orc:2    | Found Sorul's Jewellery Shop.
 44511 | Orc:2    | Found Naojouwyo's Jewellery Shop.
 44526 | Orc:2    | Found Cixzirorr's Gadget Boutique.
 44561 | Orc:2    | Found a roughly hewn altar of Beogh.
 44982 | Orc:2    | Bought an uncursed ring of protection from magic for 350
                  | gold pieces
 45692 | Shoals:1 | Paralysed by fainting for 7 turns
 47358 | Shoals:2 | Reached ****** piety under Vehumet
 47441 | Shoals:2 | Reached skill level 1 in Maces & Flails
 47985 | Shoals:1 | Offered knowledge of Freezing Cloud by Vehumet.
 47993 | Shoals:1 | Learned a level 6 spell: Freezing Cloud
 48307 | Shoals:2 | Reached XP level 17. HP: 106/133 MP: 33/33
 48773 | Shoals:2 | Found Cumiwesh's Magic Scroll Boutique.
 49027 | Shoals:2 | Bought a scroll of blinking for 97 gold pieces
 49027 | Shoals:2 | Bought a scroll of brand weapon for 260 gold pieces
 49027 | Shoals:2 | Bought a scroll of enchant armour for 97 gold pieces
 49386 | Shoals:2 | Noticed a kraken
 49853 | Shoals:3 | Found a glowing silver altar of Zin.
 50437 | Shoals:3 | Noticed Ilsuiw
 50815 | Shoals:3 | Killed Ilsuiw
 50815 | Shoals:3 | Reached skill level 5 in Air Magic
 50818 | Shoals:3 | Reached skill level 10 in Stealth
 51154 | Shoals:4 | Entered Level 4 of the Shoals
 51157 | Shoals:4 | Noticed Kirke
 51379 | Shoals:2 | Killed a kraken
 51617 | Shoals:2 | Reached skill level 5 in Maces & Flails
 51968 | Shoals:2 | You fall through a shaft!
 52341 | Shoals:4 | Offered knowledge of Poison Arrow by Vehumet.
 53207 | Shoals:4 | Identified the +2 leather armour "Qiom" {+Inv Int+2}
 53232 | Shoals:4 | Killed Kirke
 53516 | Shoals:4 | Reached skill level 15 in Shields
 53791 | Shoals:4 | Identified the cursed ring "Otieha" {rElec rC+ Dex-2}
 53807 | Shoals:4 | Reached XP level 18. HP: 95/142 MP: 5/35
 55427 | Shoals:4 | Identified the Reference Book on Earth and Necromancy
 55488 | Shoals:4 | Offered knowledge of Conjure Ball Lightning by Vehumet.
 55515 | Shoals:4 | Got a barnacled rune of Zot
 55815 | Shoals:4 | Learned a level 6 spell: Conjure Ball Lightning
 56421 | Elf:1    | Entered Level 1 of the Elven Halls
 56999 | Elf:1    | Noticed Louise
 57007 | Elf:1    | Killed Louise
 57427 | Elf:1    | Identified the Catalogue of Creative Attacks
 57932 | Elf:1    | Reached skill level 10 in Armour
 58657 | Elf:2    | Found a huge runed gate.
 58657 | Elf:2    | Found a huge runed gate.
 58657 | Elf:2    | Found a huge runed gate.
 58685 | Elf:2    | Found a huge runed gate.
 58690 | Elf:2    | Found a huge runed gate.
 58695 | Elf:2    | Got a crystal mace
 58700 | Elf:2    | Got a polished dagger
 58701 | Elf:2    | Identified the +2 mace of Superiority {freeze, rF+ Int+3
                  | Dex-5 Stlth+} (You found it on level 2 of the Elven Halls)
 58702 | Elf:2    | Identified the +7 dagger "Kakk" {pierce, *Corrode rC++ rN+
                  | Stlth-} (You found it on level 2 of the Elven Halls)
 58821 | Elf:2    | Reached XP level 19. HP: 118/151 MP: 23/37
 59026 | Elf:3    | Entered Level 3 of the Elven Halls
 59949 | Elf:3    | Found Kamaguy's Distillery.
 60331 | Elf:3    | Identified the +5 hand axe of Doors {drain, MR- Dex+5}
 60336 | Elf:3    | Reached skill level 15 in Spellcasting
 60479 | Elf:3    | Identified the ring "Rotz" {rElec rPois rF+ Dex+4}
 60935 | Elf:3    | Identified the +6 battleaxe of Destiny {protect, Int+3}
 60937 | Elf:3    | Noticed an Ice Fiend
 60944 | Elf:3    | Identified the +6 short sword of Dust {vamp, *Corrode rC-
                  | Dex+9 Stlth+}
 61133 | Elf:3    | Identified the Incunabulum of Earth
 61140 | Elf:3    | Identified Sif Muna's Tome of Shifting Conjuration
 61168 | Elf:3    | Identified the Collected Works on Creative Stolen Souls
 61174 | Elf:3    | Learned a level 3 spell: Regeneration
 61393 | Elf:3    | Bought a potion of haste for 140 gold pieces
 61393 | Elf:3    | Bought a potion of haste for 140 gold pieces
 61901 | Elf:2    | Offered knowledge of Lehudib's Crystal Spear by Vehumet.
 61901 | Elf:2    | Offered knowledge of Fire Storm by Vehumet.
 61901 | Elf:2    | Offered knowledge of Glaciate by Vehumet.
 62099 | Elf:2    | Reached XP level 20. HP: 160/160 MP: 23/39
 62224 | Elf:2    | Reached skill level 5 in Translocations
 63100 | Spider:1 | Entered Level 1 of the Spider Nest
 63437 | Spider:1 | Noticed Asterion
 63899 | Lair:4   | Killed Asterion
 64751 | Spider:1 | Reached skill level 5 in Necromancy
 66162 | Spider:2 | Reached skill level 10 in Translocations
 66666 | Spider:4 | Entered Level 4 of the Spider Nest
 66857 | Spider:2 | You fall through a shaft!
 67055 | Spider:2 | Got a transparent platinum ring
 67058 | Spider:2 | Identified the ring of Fies Amy {-Tele MR+ MP+9 Dex+8 SInv}
                  | (You found it on level 2 of the Spider Nest)
 67876 | Spider:4 | Reached XP level 21. HP: 138/166 MP: 41/41
 68757 | Spider:4 | Got a gossamer rune of Zot
 69106 | D:8      | Killed rageheart7's ghost
 69349 | Vaults:1 | Entered Level 1 of the Vaults
 69624 | Vaults:1 | Reached skill level 5 in Poison Magic
 71946 | Vaults:3 | Reached XP level 22. HP: 173/173 MP: 30/44
 72617 | Vaults:2 | Got a bloodstained quarterstaff
 72618 | Vaults:2 | Identified the +4 quarterstaff "Uduc" {freeze, Str-4 Int+5
                  | Dex+7} (You found it on level 2 of the Vaults)
 73413 | Vaults:2 | Found a staircase to the Crypt.
 73419 | Crypt:1  | Entered Level 1 of the Crypt
 73766 | Vaults:1 | Found Ydwiyri's Distillery.
 73775 | Vaults:1 | Bought a potion of magic for 104 gold pieces
 73775 | Vaults:1 | Bought a potion of mutation for 104 gold pieces
 73775 | Vaults:1 | Bought a potion of brilliance for 52 gold pieces
 73775 | Vaults:1 | Bought a potion of heal wounds for 65 gold pieces
 73775 | Vaults:1 | Bought a potion of cancellation for 104 gold pieces
 73797 | Vaults:1 | You fall through a shaft!
 74342 | D:10     | Learned a level 8 spell: Controlled Blink
 74352 | D:10     | Learned a level 5 spell: Dispel Undead
 74999 | Depths:1 | Noticed Nikola
 75306 | Depths:1 | Found a runed gate.
 75306 | Depths:1 | Found a runed gate.
 75306 | Depths:1 | Found a runed gate.
 75306 | Depths:1 | Noticed Ancylostoma's ghost (adept MfGl)
 75347 | Depths:1 | Found Desianat's Gadget Shoppe.
 75347 | Depths:1 | Found Joesaubb's Jewellery Boutique.
 75348 | Depths:1 | Found Wostenydd's Jewellery Boutique.
 75538 | Depths:1 | Killed Nikola
 75840 | Depths:2 | Reached skill level 15 in Conjurations
 75855 | Depths:2 | Found a magical portal.
 75948 | WizLab   | Entered Lehudib's Moon Base
 76003 | WizLab   | Paralysed by a great orb of eyes for 7 turns
 76109 | WizLab   | Found a transporter.
 76285 | WizLab   | Reached XP level 23. HP: 171/179 MP: 41/46
 76931 | WizLab   | Reached skill level 15 in Translocations
 76932 | WizLab   | Gained mutation: You are robust. (+10% HP) [a cacodemon]
 77170 | WizLab   | Got a translucent emerald amulet
 77172 | WizLab   | Identified the amulet of the Thirsty Stories {Inacc rC+
                  | Int+4} (You found it in a wizard's laboratory)
 77843 | WizLab   | Found a transporter.
 78095 | WizLab   | Lost mutation: You are robust. (+10% HP) [a cacodemon]
 78106 | WizLab   | Gained mutation: You are clumsy. (Dex -2) [a cacodemon]
 78281 | WizLab   | Identified Lehudib's Handbook of the Mountains and
                  | Transformation
 78327 | WizLab   | Got a translucent ivory ring
 78329 | WizLab   | Identified the ring of Hucuorha {*Corrode rElec Int+6 Dex+5
                  | Slay+3} (You found it in a wizard's laboratory)
 79068 | Depths:2 | Found Qoequzedd's Assorted Antiques.
 79123 | Depths:2 | Bought a blackened blue amulet for 190 gold pieces
 79787 | Depths:1 | Killed Ancylostoma's ghost
 80423 | Depths:3 | HP: 7/179 [fire giant/fireball (44)]
 80724 | Depths:2 | Found a one-way gate to the infinite horrors of the Abyss.
 80920 | Depths:2 | Reached XP level 24. HP: 151/186 MP: 45/47
 81072 | Depths:3 | Learned a level 2 spell: Shroud of Golubria
 81087 | Depths:3 | Got a transparent morningstar
 81090 | Depths:3 | Got a pitted lead ring
 81107 | Depths:3 | Identified the +10 morningstar of the Wasteland {flame,
                  | +Inv rN+ Str+4 Int+4} (You found it on level 3 of the
                  | Depths)
 81109 | Depths:3 | Identified the ring of the Wild Haggis {+Fly Int+3} (You
                  | found it on level 3 of the Depths)
 81275 | Depths:3 | Found a one-way gate leading to the halls of Pandemonium.
 81374 | Depths:3 | Paralysed by a floating eye for 4 turns
 81503 | Depths:3 | Learned a level 2 spell: Sublimation of Blood
 81735 | Depths:3 | Reached skill level 1 in Charms
 81744 | Depths:3 | Noticed a caustic shrike
 81745 | Depths:3 | Noticed a caustic shrike
 81747 | Depths:3 | Killed a caustic shrike
 81748 | Depths:3 | Killed a caustic shrike
 82333 | Depths:3 | Reached skill level 10 in Fire Magic
 82351 | Depths:3 | Noticed a caustic shrike
 82356 | Depths:3 | Killed a caustic shrike
 83288 | Depths:4 | Found a runed gate.
 83289 | Depths:4 | Found a runed gate.
 83424 | Depths:4 | Found a runed gate.
 83424 | Depths:4 | Found a viscous altar of Jiyva.
 83424 | Depths:4 | Noticed Nuahoimost's ghost (adept BaFi)
 84357 | Depths:3 | Reached XP level 25. HP: 148/193 MP: 22/48
 84545 | Depths:4 | Noticed an ancient lich
 84590 | Depths:4 | You fall through a shaft!
 84590 | Depths:5 | Entered Level 5 of the Depths
 84660 | Depths:5 | HP: 8/193 [frost giant/bolt of cold (37)]
 84925 | Depths:5 | Reached skill level 5 in Charms
 84974 | Depths:5 | Reached skill level 15 in Fighting
 85627 | Depths:5 | Learned a level 9 spell: Fire Storm
 85995 | Depths:5 | Found a gate to the Realm of Zot.
 86343 | Depths:5 | Found a gateway to a ziggurat.
 86400 | Depths:5 | Killed an ancient lich
 86872 | Depths:4 | Identified the +1 faerie dragon scales {rCorr Int+6 Dex+2
                  | Clar}
 86873 | Depths:4 | Noticed the Enchantress
 86879 | Depths:4 | Killed the Enchantress the emperor scorpion
 87221 | Depths:4 | Found a corrupted altar of Lugonu.
 87365 | Depths:4 | Killed Nuahoimost's ghost
 87390 | Depths:4 | Reached XP level 26. HP: 128/202 MP: 21/49
 87532 | Depths:4 | Identified the cursed +1 morningstar of Karma {flame,
                  | Dex+3} (You found it on level 4 of the Depths)
 87973 | Slime:1  | Entered Level 1 of the Pits of Slime
 88899 | Slime:5  | Entered Level 5 of the Pits of Slime
 88899 | Slime:5  | Noticed Dissolution
 89308 | Slime:5  | Noticed the Royal Jelly
 89517 | Slime:5  | Gained mutation: You are dopey. (Int -2) [a shining eye]
 89557 | Slime:5  | Killed Dissolution
 89772 | Slime:5  | Found a viscous altar of Jiyva.
 89775 | Slime:5  | Found the +7 lajatang of Order {silver, rMut}
 89777 | Slime:5  | Found the +1 cloak of Starlight {rElec rC+ EV+4 Stlth--}
 89807 | Slime:5  | Killed the Royal Jelly
 89847 | Slime:5  | Got a slimy rune of Zot
 89969 | Slime:5  | Got a flickering bronze ring
 90083 | Slime:5  | Got a crude arbalest
 90084 | Slime:5  | Identified the cursed +2 arbalest of Reapportionment
                  | {flame, +Inv rPois rF+ Int-3} (You found it on level 5 of
                  | the Pits of Slime)
 90312 | D:10     | Identified the ring of Tateg {rC++ MP+9} (You found it on
                  | level 5 of the Pits of Slime)
 90881 | Vaults:4 | Reached XP level 27. HP: 205/208 MP: 49/50
 91441 | Vaults:4 | Found a portal to a secret trove of treasure.
 91547 | Vaults:5 | Entered Level 5 of the Vaults
 91547 | Vaults:5 | Noticed Boris
 91549 | Vaults:5 | Noticed Jory
 91553 | Vaults:5 | Reached skill level 15 in Fire Magic
 91558 | Vaults:5 | Killed Jory
 91603 | Vaults:5 | Killed Boris
 91992 | Vaults:5 | Got a distressingly furry ring mail
 92152 | Vaults:5 | Identified the +0 ring mail of the Country {+Inv rElec
                  | Regen+ Slay+3} (You found it on level 5 of the Vaults)
 92296 | Vaults:5 | Identified the amulet of Trog's Approval {RegenMP rF+}
 92418 | Vaults:5 | Identified the cursed +1 quarterstaff of Action {drain,
                  | rElec}
 92421 | Vaults:5 | Got a silver rune of Zot
 93208 | Vaults:5 | Identified the cursed +1 rapier "Oczuso" {pain, +Blink}
 93869 | D:10     | Got an ichor-stained hat
 93880 | D:10     | Identified the +0 hat "Rylleyhu" {rN+} (You acquired it on
                  | level 10 of the Dungeon)
 94261 | Vaults:4 | You paid a toll of +3 shadow dragon scales to enter a
                  | treasure trove
 94262 | Trove    | Entered a treasure trove
 95304 | Crypt:1  | Found a transporter.
 95319 | Crypt:1  | Found a transporter.
 96084 | Crypt:3  | Entered Level 3 of the Crypt
 96694 | Crypt:3  | Noticed Bai Suzhen
 96709 | Crypt:2  | Killed Bai Suzhen
 96761 | Crypt:3  | Noticed Sojobo
 96764 | Crypt:3  | Killed Sojobo
 97143 | Crypt:3  | Found a staircase to the Tomb.
 97172 | Tomb:1   | Entered Level 1 of the Tomb of the Ancients
 97371 | Crypt:3  | Found the +10 morningstar "Eos" {elec, Halo rElec}
 97403 | Crypt:3  | Identified the ring "Soetenle" {rF- rC+ rN+ Dex+7}
 97420 | Crypt:3  | Found the +11 plutonium sword {*Contam Stlth-}
 97420 | Crypt:3  | Noticed an ancient lich
 97670 | Crypt:3  | Got a warped amber ring
 97677 | Crypt:3  | Killed an ancient lich
 97722 | Crypt:3  | Identified Macesud's Guide on Doomed Fire
 97728 | Crypt:3  | Got a translucent great mace
 97729 | Crypt:3  | Identified the +6 great mace "Ziaklaist" {holy, Int+3} (You
                  | found it on level 3 of the Crypt)
 98215 | D:10     | Identified the ring of Wogual {*Corrode rPois rN+ Int+4}
                  | (You found it on level 3 of the Crypt)
 98463 | Zot:1    | Entered Level 1 of the Realm of Zot
 99094 | Zot:1    | Reached skill level 10 in Dodging
 99107 | Zot:1    | Noticed an orb of fire
 99129 | Zot:1    | Gained mutation: You are weak. (Str -2) [an orb of fire]
 99132 | Zot:1    | Gained mutation: You are very dopey. (Int -4) [an orb of
                  | fire]
 99134 | Zot:1    | Killed an orb of fire
 99447 | Zot:1    | You fall through a shaft!
100874 | Zot:3    | Noticed an orb of fire
100876 | Zot:3    | Gained mutation: You tend to lose your temper in combat.
                  | [an orb of fire]
100878 | Zot:3    | Gained mutation: You occasionally shout uncontrollably at
                  | your foes. [an orb of fire]
100883 | Zot:3    | Killed an orb of fire
101775 | Zot:3    | Identified the +9 shortbow "Avuruyz" {freeze, Dex+3}
102864 | Zot:3    | Reached skill level 10 in Air Magic
103016 | Zot:5    | Entered Level 5 of the Realm of Zot
103637 | Zot:5    | Noticed an orb of fire
103752 | Zot:5    | Noticed an orb of fire
103841 | Zot:5    | Gained mutation: Your spells are a little easier to cast,
                  | but a little less powerful. [an orb of fire]
103884 | Zot:5    | Gained mutation: You are very clumsy. (Dex -4) [an orb of
                  | fire]
103888 | Zot:5    | Killed an orb of fire
103932 | Zot:5    | Noticed an orb of fire
103939 | Zot:5    | Gained mutation: Your system is resistant to poisons.
                  | (rPois) [an orb of fire]
103941 | Zot:5    | HP: 1/217 [orb of fire/fireball (36)]
103942 | Zot:5    | Gained mutation: You do not regenerate when monsters are
                  | visible. [an orb of fire]
103943 | Zot:5    | Gained mutation: You sometimes yell uncontrollably at your
                  | foes. [an orb of fire]
103945 | Zot:5    | Killed from afar by an orb of fire

Vault maps used:
D:1:      ebering_hopf_link, lemuel_old_faithful
D:2:      grunt_ministairs_13, nrook_mini_backslash, uniq_crazy_yiuf_cottage
D:3:      first_ration, uniq_ijyb
D:4:      nemelex_xobeh_ov_fountains_minmay, grunt_temple_overflow_open,
          roderic_roman_lattice
D:5:      chequers_temple_overflow_statue_of_worship,
          kennysheep_cross_bottleneck
D:6:      lemuel_doored_altar, kennysheep_small_square
D:7:      kennysheep_mini_moat, lemuel_round_altar,
          minmay_temple_entry_crystal_x, grunt_livestock, minmay_ruffians,
          uniq_pikel, uniq_menkaure
D:8:      gammafunk_ghost_smash, doesnt_xom_only_xom, uniq_joseph
D:9:      orc_0_dummy, serial_shops, shop, shop, shop, kennysheep_mini,
          nicolae_shop_statue_plus, serial_curves, eino_curves_04,
          eino_curves_02, eino_curves_03, eino_curves_01,
          minmay_guarded_unrand_variability
D:10:     grunt_lair_entry_orc_guard_hut, special_room
D:11:     uniq_harold, uniq_nergalle
D:14:     minmay_the_grid_four_pointed_star, david_vaults_4, dk_noncrumbling_3,
          enter_bailey_3, hangedman_decor_diamond_cutter, grunt_dithmenos_smoke,
          uniq_azrael, uniq_roxanne, uniq_frances
D:15:     grunt_enter_depths_hoard, minmay_misc_feat_tiny, lightli_minifort
Temple:   jpeg_temple_island
Lair:1:   chequers_serial_rivers_micro_a, grunt_megastairs_3
Lair:2:   gammafunk_ghost_necromancy, uniq_gastronok
Lair:3:   minmay_shoals_entry_beasts, gauntlet_entry_generic, st_stairs_11,
          grunt_megastairs_4
Lair:4:   spider_nest_entry_webs, minmay_another_anthill
Lair:5:   gammafunk_ghost_hydra_chop, uniq_rupert
Lair:6:   evil_forest, slime_altar_2, ebering_ghost_rock_garden, basic_altar
Shoals:1: cheibrodos_shoals_oceanic_diplomacy
Shoals:2: serial_shops, shop, nicolae_shoals_isolated_beach
Shoals:3: lemuel_oklob_altar, uniq_ilsuiw
Shoals:4: shoals_end_simple, nicolae_shoals_undead_eyrie, uniq_kirke
Spider:1: spiders_nest_a, nicolae_spider_nook, uniq_asterion
Spider:2: worms_lemuel
Spider:3: spider_trap, nicolae_spider_circle_web
Spider:4: spider_rune_water, nicolae_orb_stairs
Slime:2:  nicolae_slime_round_cave
Slime:5:  uniq_dissolution
Orc:1:    mines2_david
Orc:2:    pubby_orc_utopia, uniq_donald, uniq_sonja, uniq_josephine, uniq_snorg,
          uniq_urug
Elf:1:    minmay_elf_arrival_plus, minmay_elf_sorcery, uniq_louise
Elf:3:    minmay_elf_hall_dome, serial_shops, shop_fountains
Vaults:1: nicolae_vaults_angled_halls, serial_ice_b,
          nicolae_vaults_bisected_inception, v_misc_9, v_pattern_5,
          nicolae_vaults_specimen_jars, nicolae_vaults_little_squares_2,
          vaults_room_pools, nicolae_vaults_asterisk,
          hangedman_vaults_river_flow, grunt_vaults_swirl, vaults_dpeg_ring,
          ontoclasm_vaults_pinch, vaults_dpeg_diagonal,
          nicolae_vaults_mini_display_case, nicolae_vaults_little_squares_3,
          vaults_room_pools, serial_shops, shop
Vaults:2: ontoclasm_vaults_bender, nicolae_vaults_ninety_degrees,
          minmay_crypt_entry_simple_round, vaults_mumra_chevron_long,
          grunt_vaults_twisty, v_misc_3
Vaults:3: ontoclasm_vaults_chip, nicolae_vaults_inception_corners,
          v_alt_pattern_2, dpeg_vaults_monster_box, v_alt_pattern_5,
          ontoclasm_vaults_twist, hangedman_vaults_stretched_pinwheel,
          vaults_mumra_hexcomb, vaults_mumra_chevron, ontoclasm_vaults_gateway,
          vaults_room_glass_cross, v_alt_pattern_1, nicolae_vaults_asterisk
Vaults:4: ontoclasm_vaults_ring_large, serial_ice_b, serial_ice_m,
          grunt_vaults_hallway_short, ontoclasm_vaults_loading_screen,
          vaults_room_door_ring, nicolae_vaults_little_squares_4, enter_trove_6
Vaults:5: serial_shops, uniq_jory, uniq_boris
Crypt:1:  gammafunk_sealed_arena, grunt_crypt_arrival_webbed
Crypt:3:  david_glass_crypt, nicolae_tomb_entry_unfolded_pyramid_orthogonal,
          uniq_sojobo, uniq_bai_suzhen
Depths:1: hell_entry, ebering_ghost_rock_garden, corexii_corridor_pit,
          abandoned_shop, st_stairs_10, nooodl_food_tri, minmay_shop_grove,
          grunt_megastairs_1, firewood_loft, uniq_nikola
Depths:2: gammafunk_mikee_crab_dinner, hell_entry, lemuel_statue_altar,
          mu_enter_wizlab_2, serial_shops, nicolae_shop_trees,
          minmay_room_of_horrors, infiniplex_staircase_pillars_1,
          serial_bayou_shore_a
Depths:3: grunt_twisty_corner, serial_curves, eino_curves_02, eino_curves_03,
          eino_curves_03, grunt_pan_entry_zigzag, hell_entry,
          abyss_entry_crystal, kilobyte_mutagenic_chamber, serial_bayou_shore_b
Depths:4: gold_lair_mu, grunt_mini_vestibule, gammafunk_ghost_ooze,
          grunt_decor_fettered, abyss_entry_flame_altar,
          infiniplex_staircase_split_hallway, uniq_enchantress
Depths:5: evilmike_zot_entry_diamond, enter_ziggurat_a, hangedman_coc_ice_floe,
          chequers_serial_rivers_small_3, serial_bayou_shore_b
Zot:1:    lemuel_halls_of_wrath
Zot:5:    stair_cage_cross
Trove:    trove_wands_scrolls
Bailey:   bailey_axe_1, bailey
WizLab:   wizlab_lehudib
Gauntlet: gammafunk_gauntlet_one_two_three

Skill      XL: |  1  2  3  4  5  6  7  8  9 10 11 12 13 14 15 16 17 18 19 20 21 22 23 24 25 26 27 |
---------------+----------------------------------------------------------------------------------+-----
Stealth        | 1 2 3 4 5 6 7 8 9 10 11 12 13 | 13.0
Armour         | 1 2 3 4 5 6 7 8 9 10 11 14 | 14.9
Spellcasting   | 1 2 3 4 5 6 7 8 10 11 12 13 14 15 16 18 19 20 21 22 23 25 | 25.7
Fighting       | 3 4 5 7 8 9 10 11 12 13 14 15 18 | 18.0
Dodging        | 3 4 5 6 7 8 9 13 | 13.6
Evocations     | 1 2 4 5 |  5.0
Shields        | 1 2 3 5 6 7 8 9 12 13 14 15 | 15.0
Conjurations   | 2 4 5 7 9 12 13 14 15 16 17 19 25 | 25.1
Ice Magic      | 2 4 5 6 |  6.0
Air Magic      | 1 3 6 7 8 11 | 11.0
Poison Magic   | 1 3 5 |  5.0
Fire Magic     | 2 4 6 7 9 10 12 14 17 | 17.0
Hexes          | 2 |  2.1
Translocations | 2 3 4 11 13 14 16 17 | 17.5
Necromancy     | 1 2 3 5 6 7 |  7.5
Summonings     | 1 3 |  3.0
Maces & Flails | 1 6 7 |  7.0
Charms         | 4 5 |  5.7
Crossbows      | |  4.0
Earth Magic    | |  0.8

Action                   |  1- 3 |  4- 6 |  7- 9 | 10-12 | 13-15 | 16-18 | 19-21 | 22-24 | 25-27 || total
-------------------------+-------+-------+-------+-------+-------+-------+-------+-------+-------++-------
Melee: Short sword       |    54 |       |       |       |       |    25 |       |       |       ||    79
       Flail             |    61 |    49 |       |       |       |       |       |       |       ||   110
       Mace              |       |   106 |    81 |       |    19 |       |       |       |       ||   206
       Scimitar          |       |    29 |   145 |   519 |   576 |    49 |       |       |       ||  1318
       War axe           |       |       |    54 |    11 |       |       |       |       |       ||    65
       Dagger            |       |       |    13 |       |    28 |    25 |       |       |       ||    66
       Trident           |       |       |       |       |     9 |       |       |       |       ||     9
       Rapier            |       |       |       |       |    10 |     3 |     6 |     4 |     3 ||    26
       Eveningstar       |       |       |       |       |       |   468 |   586 |   340 |   641 ||  2035
       Staff             |       |       |       |       |       |     9 |     6 |       |    42 ||    57
 Fire: Hand crossbow     |    18 |    53 |    80 |   441 |   340 |   356 |    53 |       |       ||  1341
       Blowgun           |       |       |       |       |       |    11 |       |       |       ||    11
Throw: Throwing net      |     1 |     1 |       |     1 |       |    10 |       |       |       ||    13
 Cast: Magic Dart        |       |       |       |     4 |    83 |     4 |    41 |     8 |       ||   140
       Stone Arrow       |       |       |       |    12 |    15 |     4 |       |       |       ||    31
       Conjure Flame     |       |       |       |    71 |    87 |    11 |     7 |     1 |     3 ||   180
       Mephitic Cloud    |       |       |       |    89 |   121 |    88 |    71 |       |       ||   369
       Throw Flame       |       |       |       |    10 |    44 |    14 |    78 |    20 |    14 ||   180
       Olgreb's Toxic Ra |       |       |       |     4 |    37 |     6 |   144 |    11 |     1 ||   203
       Dazzling Spray    |       |       |       |     4 |     2 |     2 |       |       |       ||     8
       Blink             |       |       |       |     2 |     6 |    20 |    11 |    24 |     3 ||    66
       Freeze            |       |       |       |       |    33 |       |       |       |       ||    33
       Orb of Destructio |       |       |       |       |   121 |   218 |   159 |   200 |   428 ||  1126
       Apportation       |       |       |       |       |     4 |       |       |       |       ||     4
       Freezing Cloud    |       |       |       |       |       |   123 |   155 |   180 |    99 ||   557
       Conjure Ball Ligh |       |       |       |       |       |     1 |     3 |   141 |   101 ||   246
       Regeneration      |       |       |       |       |       |       |    44 |    83 |   242 ||   369
       Controlled Blink  |       |       |       |       |       |       |       |    10 |    15 ||    25
       Sublimation of Bl |       |       |       |       |       |       |       |    42 |   275 ||   317
       Shroud of Golubri |       |       |       |       |       |       |       |    12 |   103 ||   115
       Fire Storm        |       |       |       |       |       |       |       |       |   291 ||   291
 Abil: Hop               |     1 |     5 |     4 |    21 |    23 |    11 |    12 |     2 |    19 ||    98
Evoke: Wand              |       |     2 |    21 |    29 |    24 |    31 |     3 |     4 |     3 ||   117
       Lamp of fire      |       |       |       |       |     1 |     2 |     1 |       |       ||     4
  Use: Scroll            |       |     9 |     4 |    13 |    14 |    11 |    10 |    11 |    16 ||    88
       Potion            |       |     1 |       |     5 |     1 |     3 |     2 |     6 |     7 ||    25
 Stab: Sleeping          |     1 |     3 |     4 |     1 |    12 |     3 |     7 |     5 |     2 ||    38
       Distracted        |       |       |     2 |       |     1 |     1 |       |     1 |     2 ||     7
       Paralysed         |       |       |       |     6 |       |       |       |       |       ||     6
       Confused          |       |       |       |    31 |    36 |    33 |    30 |       |       ||   130
       Held in net/web   |       |       |       |       |       |       |     1 |       |       ||     1
  Eat: Chunk             |     3 |     9 |    18 |    25 |    68 |   127 |    74 |    64 |    76 ||   464
       Ration            |       |     1 |       |     6 |    18 |     5 |     6 |     8 |    11 ||    55
Armor: Leather armour    |    45 |    45 |    87 |   205 |   171 |   195 |   200 |    88 |    23 ||  1059
       Skin              |       |       |       |       |     3 |       |       |       |       ||     3
       Acid dragon scale |       |       |       |       |       |       |       |       |   209 ||   209
Dodge: Dodged            |    79 |   125 |   157 |   376 |   347 |   466 |   576 |   280 |   602 ||  3008
Block: Shield            |       |    47 |   174 |   443 |   535 |   656 |   756 |   406 |   825 ||  3842
       Reflection        |       |       |       |       |       |    69 |    32 |    67 |    65 ||   233
       Rpst.: Scimitar   |       |     2 |    19 |    88 |    75 |     6 |       |       |       ||   190

Table legend:
 A = Non-vault XP
 B = Vault XP
 C = Vault XP percentage of total XP
 D = Non-vault monster count
 E = Vault monster count
 F = Vault count percentage of total count
                 A         B        C        D         E       F
            +---------+---------+-------+---------+---------+-------
      Total | 1139461 |  858339 |  43.0 |    1883 |    1123 |  37.4
            +---------+---------+-------+---------+---------+-------
        D:1 |      38 |       0 |   0.0 |      15 |       0 |   0.0
        D:2 |      73 |      48 |  39.7 |      21 |       3 |  12.5
        D:3 |      42 |      36 |  46.2 |      19 |       1 |   5.0
        D:4 |     277 |       0 |   0.0 |      22 |       0 |   0.0
        D:5 |     408 |       0 |   0.0 |      22 |       0 |   0.0
        D:6 |     602 |      37 |   5.8 |      17 |       1 |   5.6
        D:7 |     680 |    3048 |  81.8 |      14 |      13 |  48.1
        D:8 |    1267 |    1810 |  58.8 |      26 |       6 |  18.8
        D:9 |    2454 |     554 |  18.4 |      25 |       4 |  13.8
       D:10 |    4699 |    2556 |  35.2 |      51 |      32 |  38.6
       D:11 |     985 |    1839 |  65.1 |      17 |       2 |  10.5
       D:12 |    3160 |       0 |   0.0 |      20 |       0 |   0.0
       D:13 |    5003 |       0 |   0.0 |      21 |       0 |   0.0
       D:14 |   10413 |   18629 |  64.1 |      39 |      33 |  45.8
       D:15 |    9304 |    2906 |  23.8 |      26 |       7 |  21.2
     Lair:1 |    4284 |     456 |   9.6 |      20 |       2 |   9.1
     Lair:2 |    3360 |    4571 |  57.6 |      13 |       7 |  35.0
     Lair:3 |    7542 |    2301 |  23.4 |      29 |       9 |  23.7
     Lair:4 |    6532 |    7402 |  53.1 |      21 |      29 |  58.0
     Lair:5 |    8306 |    6259 |  43.0 |      30 |       5 |  14.3
     Lair:6 |    4196 |   11607 |  73.4 |      19 |      28 |  59.6
   Shoals:1 |   11797 |    4767 |  28.8 |      25 |      11 |  30.6
   Shoals:2 |   21995 |       0 |   0.0 |      44 |       0 |   0.0
   Shoals:3 |   18253 |    7226 |  28.4 |      38 |       9 |  19.1
   Shoals:4 |   17564 |   25415 |  59.1 |      33 |      47 |  58.8
   Spider:1 |   10620 |   16908 |  61.4 |      30 |      65 |  68.4
   Spider:2 |   15850 |    4454 |  21.9 |      52 |      18 |  25.7
   Spider:3 |   18550 |       0 |   0.0 |      54 |       0 |   0.0
   Spider:4 |   10970 |   24507 |  69.1 |      36 |      47 |  56.6
    Slime:1 |    8359 |       0 |   0.0 |      25 |       0 |   0.0
    Slime:2 |   13432 |    6255 |  31.8 |      16 |       7 |  30.4
    Slime:3 |   19304 |       0 |   0.0 |      43 |       0 |   0.0
    Slime:4 |   21043 |     673 |   3.1 |      42 |       1 |   2.3
    Slime:5 |   24804 |   41065 |  62.3 |      39 |      13 |  25.0
      Orc:1 |    2408 |    1417 |  37.0 |      28 |      17 |  37.8
      Orc:2 |     893 |   27912 |  96.9 |       1 |     139 |  99.3
      Elf:1 |   24966 |   11857 |  32.2 |      48 |      17 |  26.2
      Elf:2 |   16142 |   21892 |  57.6 |      25 |      28 |  52.8
      Elf:3 |   28432 |   35877 |  55.8 |      42 |      25 |  37.3
   Vaults:1 |   21457 |   11505 |  34.9 |      38 |      29 |  43.3
   Vaults:2 |   17521 |   12253 |  41.2 |      36 |      18 |  33.3
   Vaults:3 |   27708 |   32268 |  53.8 |      44 |      39 |  47.0
   Vaults:4 |   37211 |     210 |   0.6 |      53 |       2 |   3.6
   Vaults:5 |   18444 |  124438 |  87.1 |      25 |      85 |  77.3
    Crypt:1 |   26675 |   14605 |  35.4 |      36 |       9 |  20.0
    Crypt:2 |   29353 |    6915 |  19.1 |      47 |       3 |   6.0
    Crypt:3 |   31264 |   42684 |  57.7 |      37 |      32 |  46.4
   Depths:1 |   45235 |   16533 |  26.8 |      55 |      15 |  21.4
   Depths:2 |   56805 |   12631 |  18.2 |      64 |      25 |  28.1
   Depths:3 |   32491 |   92481 |  74.0 |      35 |      64 |  64.6
   Depths:4 |   53024 |   28422 |  34.9 |      65 |      25 |  27.8
   Depths:5 |   56110 |   25687 |  31.4 |      43 |      12 |  21.8
      Zot:1 |   92370 |   47575 |  34.0 |      54 |      47 |  46.5
      Zot:2 |   47192 |       0 |   0.0 |      28 |       0 |   0.0
      Zot:3 |  107037 |       0 |   0.0 |      56 |       0 |   0.0
      Zot:4 |   57328 |    6480 |  10.2 |      36 |       2 |   5.3
      Zot:5 |   19985 |   37165 |  65.0 |      11 |      10 |  47.6
     Bailey |       0 |    1126 | 100.0 |       0 |      32 | 100.0
     WizLab |    3244 |   51077 |  94.0 |      12 |      48 |  80.0
            +---------+---------+-------+---------+---------+-------
